 Dungeon Crawl Stone Soup version 0.19.4-25-g1b72edd (webtiles) character file.

628 bloodus the Poker (level 7, 0/61 HPs)
             Began as a Minotaur Berserker on Mar 1, 2017.
             Was a Priest of Trog.
             Slain by a sky beast (5 damage)
             ... on level 5 of the Dungeon.
             The game lasted 00:58:10 (7823 turns).

bloodus the Poker (Minotaur Berserker)              Turns: 7823, Time: 00:58:11

Health: 0/61       AC: 10    Str: 19 (22) XL:     7   Next: 23%
Magic:  6/6        EV:  8    Int:  4 (6)  God:    Trog [***...]
Gold:   203        SH:  2    Dex:  7 (9)  Spells: 0 memorised, 6 levels left

rFire  . . .     SeeInvis .     a - +1 spear
rCold  . . .     Gourm    .     s - +0 chain mail (curse)
rNeg   . . .     Faith    .     (no shield)
rPois  .         Spirit   .     (helmet restricted)
rElec  .         Reflect  +     (no cloak)
rCorr  .         Harm     .     (no gloves)
MR     ++...                    (no boots)
Stlth  ..........               j - +2 amulet of reflection
                                (no ring)
                                (no ring)

@: regenerating
A: retaliatory headbutt, horns 2
a: Berserk, Trog's Hand, Burn Spellbooks, Renounce Religion


You were on level 5 of the Dungeon.
You worshipped Trog.
Trog was most pleased with you.
You were near starving.

You visited 1 branch of the dungeon, and saw 5 of its levels.

You collected 203 gold pieces.

Inventory:

Hand Weapons
 a - a +1 spear (weapon)
 d - a +3 hunting sling
Armour
 s - a cursed +0 chain mail (worn)
Jewellery
 j - a +2 amulet of reflection (around neck)
Scrolls
 b - 2 scrolls of fear
 g - 3 scrolls of identify
 i - a scroll of enchant armour
Potions
 l - a potion of flight
 m - a potion of agility
 n - 3 potions of curing
 p - a potion of haste
Comestibles
 c - 2 bread rations
 h - a meat ration
 k - a royal jelly
 o - 2 slices of pizza


   Skills:
 + Level 5.1 Fighting
 + Level 6.5 Polearms
 + Level 6.4 Armour
 + Level 3.2 Dodging
 + Level 0.8 Stealth


You had 6 spell levels left.
You didn't know any spells.

Dungeon Overview and Level Annotations

Branches:
Dungeon (5/15)
 Temple: D:4-7

Altars:
Okawaru

Annotations:
D:1 1 exclusion
D:2 1 exclusion


Innate Abilities, Weirdness & Mutations

You reflexively headbutt those who attack you in melee.
You have a pair of horns on your head.


Message History

Deactivating autopickup; reactivate with Ctrl-A.
Something hits you but does no damage.
You miss something. Something hits you.
* * * LOW HITPOINT WARNING * * *
Something shocks you.
* * * LOW HITPOINT WARNING * * *
Your skin crawls.
You feel resistant to hostile enchantments.
You are near starving!
Something hits you.
* * * LOW HITPOINT WARNING * * *
Something shocks you.
* * * LOW HITPOINT WARNING * * *
Unknown command.
You miss something. You miss something. Something hits you but does no damage.
You barely miss something. Something hits you.
* * * LOW HITPOINT WARNING * * *
Something shocks you.
You die...

#### . #..###.# #..#...
#.....# # #..# .#
....####.###.##
#...{@......# # ....#
#..####[.....##.. ..[.#
................#......
#######......## ....
#..†...# #...
#...######.(# #...#.#
#..# #..###.# ##<#
#..####.####.†#


There were no monsters in sight!

Vanquished Creatures
  A phantom (D:4)
  An orc priest (D:4)
  Crazy Yiuf (D:2)
  2 iguanas
  Ijyb (D:2)
  Natasha (D:4)
  3 orc wizards (D:3)
  4 worker ants
  7 adders
  2 shadow imps
  2 oozes
  An adder skeleton (D:4)
  2 worms
  2 dart slugs
  5 leopard geckos
  13 orcs
  8 giant cockroaches
  13 goblins
  14 hobgoblins
  4 quokkas
  A ball python (D:3)
  7 bats
  12 frilled lizards
  12 kobolds
  7 rats
126 creatures vanquished.

Notes
Turn   | Place    | Note
-------+----------+-------------------------------------------
     0 | D:1      | bloodus the Minotaur Berserker began the quest for the Orb.
     0 | D:1      | Reached XP level 1. HP: 19/19 MP: 0/0
  1158 | D:1      | Reached XP level 2. HP: 27/27 MP: 1/1
  2214 | D:1      | Reached XP level 3. HP: 29/33 MP: 2/2
  2692 | D:2      | Noticed Ijyb
  2700 | D:2      | Killed Ijyb
  2700 | D:2      | Reached ** piety under Trog
  2767 | D:2      | Reached XP level 4. HP: 40/40 MP: 3/3
  2841 | D:2      | Found a runed door.
  4055 | D:2      | Noticed Crazy Yiuf
  4062 | D:2      | Killed Crazy Yiuf
  4062 | D:2      | Reached skill level 5 in Polearms
  4062 | D:2      | Reached XP level 5. HP: 20/47 MP: 0/4
  4982 | D:3      | Reached *** piety under Trog
  5042 | D:3      | Found an iron altar of Okawaru.
  5474 | D:3      | Reached XP level 6. HP: 5/53 MP: 5/5
  6541 | D:4      | Reached skill level 5 in Armour
  6942 | D:4      | Found a sand-covered staircase.
  7049 | D:4      | Reached skill level 5 in Fighting
  7049 | D:4      | Reached XP level 7. HP: 47/61 MP: 6/6
  7151 | D:4      | Noticed Natasha
  7165 | D:4      | Killed Natasha
  7739 | D:5      | Entered Level 5 of the Dungeon
  7820 | D:5      | HP: 3/61 [something (6)]
  7823 | D:5      | Slain by a sky beast

Skill      XL: |  1  2  3  4  5  6 |
---------------+-------------------+-----
Polearms       | 4 5 6 |  6.5
Fighting       | 4 5 |  5.1
Armour         | 3 4 6 |  6.4
Dodging        | 3 |  3.2
Stealth        | |  0.8

Action                   |  1- 3 |  4- 6 |  7- 9 || total
-------------------------+-------+-------+-------++-------
Melee: Spear             |    86 |   338 |    57 ||   481
       Headbutt          |    13 |    58 |    12 ||    83
Invok: Trog's Hand       |       |     1 |     1 ||     2
  Use: Scroll            |     4 |     4 |     1 ||     9
       Potion            |     2 |     1 |     2 ||     5
  Eat: Chunk             |     5 |    15 |     1 ||    21
Armor: Ring mail         |    23 |    33 |       ||    56
       Scale mail        |       |    39 |       ||    39
       Chain mail        |       |    33 |    26 ||    59
Dodge: Dodged            |    38 |   128 |    13 ||   179
Block: Other             |       |     8 |       ||     8
       Reflection        |       |     1 |       ||     1
